 Dungeon Crawl Stone Soup version 0.18-a0-1642-g3ae59fa (webtiles) character file.

169 Geeful the Sneak (level 5, 0/24 HPs)
             Began as a Spriggan Enchanter on Mar 27, 2016.
             Killed by divine providence
             ... invoked by an orc priest
              (14 damage)
             ... on level 3 of the Dungeon.
             The game lasted 00:10:23 (3400 turns).

Geeful the Sneak (Spriggan Enchanter)               Turns: 3400, Time: 00:10:23

Health: 0/24       AC:  3    Str:  4    XL:     5   Next: 25%
Magic:  6/12       EV: 20    Int: 16    God:
Gold:   66         SH:  0    Dex: 18    Spells: 4 memorised, 3 levels left

rFire  . . .     SeeInvis +     s - +0 short sword (elec)
rCold  . . .     Gourm    .     b - +1 robe
rNeg   . . .     Faith    .     (shield restricted)
rPois  .         Spirit   .     (helmet restricted)
rElec  .         Dismiss  .     (no cloak)
rCorr  .         Reflect  .     (gloves unavailable)
SustAt .         Harm     .     (boots unavailable)
MR     .....                    (no amulet)
Stlth  ++++......               (no ring)
                                f - ring of wizardry

@: very quick, not resistant to hostile enchantments, stealthy
A: unfitting armour, see invisible, herbivore 3, speed 3, slow metabolism 2
a: no special abilities


You were on level 3 of the Dungeon.
You were not hungry.

You visited 1 branch of the dungeon, and saw 3 of its levels.

You collected 66 gold pieces.

Inventory:

Hand Weapons
 a - a +1 dagger
 s - a +0 short sword of electrocution (weapon)
Missiles
 k - 12 poisoned needles
Armour
 b - a +1 robe (worn)
Jewellery
 f - a ring of wizardry (left hand)
 l - an uncursed ring of ice
Scrolls
 g - 2 scrolls of remove curse
 h - a scroll of teleportation {unknown}
 j - a scroll of random uselessness {unknown}
 m - a scroll of enchant armour {unknown}
 n - a scroll of amnesia {unknown}
 o - a scroll of enchant weapon {unknown}
 t - a scroll of recharging {unknown}
Potions
 e - a potion of brilliance
 i - 2 potions of might
 p - a potion of agility
 q - a potion of heal wounds {unknown}
 r - a potion of mutation {unknown}
 u - a potion of flight {unknown}
Books
 c - a book of Maledictions

   Spells                             Type                      Level
   a - Corona                         Hexes                        1
   b - Ensorcelled Hibernation        Hexes/Ice                    2
   c - Confuse                        Hexes                        3
   d - Tukima's Dance                 Hexes                        3
   e - Dazzling Spray                 Conjuration/Hexes            3
Comestibles
 d - 3 bread rations


   Skills:
 + Level 2.5 Short Blades
 + Level 4.4 Dodging
 + Level 5.9 Stealth
 + Level 4.0 Spellcasting
 + Level 4.2 Hexes


You had 3 spell levels left.
You knew the following spells:

 Your Spells              Type           Power        Failure   Level  Hunger
a - Corona                Hex            ###....      1%          1    None
b - Ensorcelled Hibernat  Hex/Ice        ##....       4%          2    ##.....
c - Confuse               Hex            ###.....     4%          3    ###....
d - Tukima's Dance        Hex            ###.....     4%          3    ###....


Dungeon Overview and Level Annotations

Branches:
Dungeon (3/15)

Altars:
Okawaru


Innate Abilities, Weirdness & Mutations

You are tiny and cannot use many weapons and most armour.
You have supernaturally acute eyesight.
You are a herbivore.
You cover ground extremely quickly.
You need consume almost no food.


Message History

Aim: an orc priest, wielding a flail and wearing a leather armour (chance to defeat MR: 41%)
The orc priest resists with some effort.
The orc priest completely misses you.
Casting: Ensorcelled Hibernation
Confirm with . or Enter, or press ? or * to list all spells.
Aiming: Ensorcelled Hibernation
Press: ? - help, Shift-Dir - straight line, f/p - orc priest
Aim: an orc priest, wielding a flail and wearing a leather armour (chance to defeat MR: 41%)
The orc priest resists with some effort.
The orc priest looks braver for a moment.
Casting: Ensorcelled Hibernation
Confirm with . or Enter, or press ? or * to list all spells.
Aiming: Ensorcelled Hibernation
Press: ? - help, Shift-Dir - straight line, f/p - orc priest
Aim: an orc priest, wielding a flail and wearing a leather armour (chance to defeat MR: 41%)
The orc priest resists with some effort.
The orc priest mumbles some strange prayers to Beogh against you.
Beogh smites you!
Ouch! That really hurt!
You die...

# #.# #.# # ### #.# # #.# #
############ #######.# #
#..........# #.......# #
#..........# #.####### #
#..........# #.#.....# #
#..........######.#.###.#
#####...........@o.o....# #.#
...........>#########.#####.#
###########.##..............#
#.##.####.######### #####
#.##............. ....#
#.#######.######. ###.# #.#
#.# #.# #.# #.# #รท#


You could see an orc priest and an orc.

Vanquished Creatures
  Jessica (D:2)
  Robin (D:2)
  3 adders
  2 oozes
  A worm (D:3)
  3 dart slugs
  3 giant geckos
  8 orcs (D:3)
  11 bats
  A giant cockroach (D:2)
  12 goblins
  12 hobgoblins
  3 jackals (D:3)
  4 kobolds
  4 giant newts
  6 rats
75 creatures vanquished.

Notes
Turn   | Place    | Note
--------------------------------------------------------------
     0 | D:1      | Geeful the Spriggan Enchanter began the quest for the Orb.
     0 | D:1      | Reached XP level 1. HP: 9/9 MP: 5/5
   188 | D:1      | Reached XP level 2. HP: 11/13 MP: 7/7
   486 | D:1      | Learned a level 2 spell: Ensorcelled Hibernation
   738 | D:1      | Reached skill level 5 in Stealth
  1113 | D:1      | Reached XP level 3. HP: 11/16 MP: 8/8
  1304 | D:2      | Noticed Robin
  1686 | D:2      | Found a faded altar to an unknown god.
  1907 | D:2      | Reached XP level 4. HP: 18/21 MP: 7/10
  2098 | D:2      | Killed Robin
  2387 | D:2      | Noticed Jessica
  2440 | D:2      | Found an iron altar of Okawaru.
  2463 | D:2      | Killed Jessica
  2907 | D:3      | Learned a level 3 spell: Confuse
  2911 | D:3      | Learned a level 3 spell: Tukima's Dance
  3170 | D:3      | Reached XP level 5. HP: 24/24 MP: 12/12
  3400 | D:3      | Killed from afar by an orc priest

Vault maps used:
D:1:      dpeg_arrival_shrine
D:2:      overflow_temple_1_default, ecumenical_altar_2, first_bread,
          uniq_robin, uniq_jessica

Skill      XL: |  1  2  3  4 |
---------------+-------------+-----
Spellcasting   | 3 4 |  4.0
Stealth        | 5 |  5.9
Short Blades   | 2 |  2.5
Dodging        | 4 |  4.4
Hexes          | 4 |  4.2

Action                   |  1- 3 |  4- 6 || total
-------------------------+-------+-------++-------
Melee: Dagger            |   138 |    69 ||   207
       Short sword       |       |    37 ||    37
 Cast: Ensorcelled Hiber |    16 |    13 ||    29
  Use: Scroll            |       |     3 ||     3
 Stab: Sleeping          |    15 |    15 ||    30
       Distracted        |     1 |     1 ||     2
  Eat: Pizza             |       |     1 ||     1
